 Dungeon Crawl Stone Soup version 0.30.1-11-g7821555f0a (webtiles) character file.

Game seed: 3061634693267425656

1708 H0rd4k the Chopper (level 9, 0/68 HPs)
             Began as a Human Artificer on Nov 10, 2023.
             Slain by a wyvern (15 damage)
             ... on level 8 of the Dungeon on Nov 13, 2023.
             The game lasted 00:07:59 (7003 turns).

H0rd4k the Chopper (Human Artificer)                Turns: 7003, Time: 00:08:00

Health: 0/68       AC:  4    Str: 13    XL:     9   Next: 23%
Magic:  9/9        EV: 13    Int: 19    God:
Gold:   343        SH:  0    Dex: 13    Spells: 8/8 levels left

rFire   . . .        C - +11 war axe "Garchyl" {venom, Int+3}
rCold   . . .        (no shield)
rNeg    . . .        b - +0 leather armour
rPois   .            (no helmet)
rElec   .            h - +0 cloak
rCorr   .            (no gloves)
SInv    .            (no boots)
Will    .....        (no amulet)
Stlth   +            (no ring)
HPRegen 0.31/turn    (no ring)
MPRegen 0.11/turn

%: no passive effects
@: no status effects
A: no striking features
a: no special abilities


You were on level 8 of the Dungeon.
You visited 2 branches of the dungeon, and saw 9 of its levels.

You collected 343 gold pieces.

Inventory:

Hand Weapons
 u - a +0 dagger of electrocution
 C - the +11 war axe "Garchyl" (weapon) {venom, Int+3}
   (You found it on level 6 of the Dungeon)

   Int:       It affects your intelligence (+3).
Missiles
 i - 5 javelins (quivered)
 x - 13 poisoned darts
Armour
 b - a +0 leather armour (worn)
 h - a +0 cloak (worn)
Wands
 c - a wand of flame (41)
 d - a wand of charming (9)
 e - a wand of iceblast (2)
Scrolls
 a - 6 scrolls of noise {unknown}
 j - 5 scrolls of identify {unknown}
 l - 2 scrolls of enchant armour {unknown}
 m - 2 scrolls of fog {unknown}
 o - 5 scrolls of teleportation {unknown}
 p - a scroll of silence {unknown}
 q - a scroll of magic mapping {unknown}
 r - 2 scrolls of butterflies {unknown}
 t - 2 scrolls of fear {unknown}
 w - a scroll of blinking {unknown}
 y - 3 scrolls of enchant weapon {unknown}
 A - a scroll of poison {unknown}
 B - a scroll of immolation {unknown}
 E - a scroll of amnesia {unknown}
Potions
 f - 2 potions of heal wounds
 g - a potion of degeneration {unknown}
 k - 3 potions of curing {unknown}
 n - a potion of cancellation {unknown}
 s - 2 potions of mutation {unknown}
 v - a potion of attraction {unknown}
 z - a potion of berserk rage {unknown}
 D - a potion of invisibility {unknown}
 F - a potion of lignification {unknown}
 G - a potion of ambrosia {unknown}


   Skills:
 + Level 5.0 Fighting
 + Level 2.1 Short Blades
 * Level 6.4(6.7) Axes
 - Level 2.3(4.7) Maces & Flails
 + Level 1.3 Throwing
 - Level 2.0 Armour
 + Level 5.3 Dodging
 - Level 1.0 Stealth
 + Level 4.4 Evocations


You had 8 spell levels left.
You didn't know any spells.
Your spell library contained the following spells:

 Spells                   Type           Power      Damage    Failure   Level
 Magic Dart               Conj           0%         1d3       26%         1
 Dazzling Flash           Conj/Hex       0%         N/A       61%         3
 Mephitic Cloud           Conj/Pois/Air  0%         N/A       61%         3
 Summon Guardian Golem    Hex/Summ       0%         N/A       61%         3
 Borgnjor's Revivificati  Necr           0%         N/A       100%        8
 Necromutation            Tmut/Necr      0%         N/A       100%        8
 Death's Door             Necr           0%         N/A       100%        9


Dungeon Overview and Level Annotations

Branches:
Dungeon (8/15)             Temple (1/1) D:4
   Lair: D:8-11

Altars:
Cheibriados
Dithmenos
Elyvilon
Fedhas
Hepliaklqana
Kikubaaqudgha
Makhleb
Nemelex Xobeh
Okawaru
Qazlal
Sif Muna
Trog
Uskayaw
Vehumet
Wu Jian
Xom
Zin
The Shining One

Shops:
D:6 :[!!   D:7 :?

Annotations:
D:1 exclusion: downstairs
D:7 exclusion: hornet


Message History

Partly explored, can't reach some items and places.
Partly explored, can't reach some items and places.
Partly explored, can't reach some items and places.
Unknown command.
Saving game... please wait.
Level annotation: exclusion: hornet Welcome back, H0rd4k the Human Artificer.
Press ? for a list of commands and other information.
Partly explored, can't reach some items and places.
Partly explored, can't reach some items and places.
Partly explored, can't reach some items and places.
(D) Dungeon (T) Temple
Where to? (? - help)
There is a stone staircase leading down here.
You climb downwards.
The wyvern hisses angrily.
Found 39 gold pieces.
Found a sparkling altar of Nemelex Xobeh.
There is a stone staircase leading up here.
There are monsters nearby!
There are monsters nearby!
There are monsters nearby!
The wyvern misses you.
The electric eel shoots out a bolt of lightning at you!
The bolt of electricity hits you!
You slash the wyvern!
The wyvern is heavily wounded.
The wyvern bites you! x2
The electric eel shoots out a bolt of lightning at you!
The bolt of electricity hits you!
You slash the wyvern!
The wyvern is poisoned.
The wyvern is severely wounded.
The wyvern barely misses you.
The electric eel shoots out a bolt of lightning at you!
The bolt of electricity hits you! The wyvern bites you!
* * * LOW HITPOINT WARNING * * *
You barely miss the wyvern.
The wyvern is severely wounded.
The wyvern bites you!
You die...

.. .....
.##......
...#... .#
.....# #..
#.#..
.$..##.#.#
#....l..#
##....@.#
........<#
...#.....#
≈~......$.
~~~~~~..._.
..~~≈~~≈...~
......~~~~~~.
~~......~~S...
~~~~~......~~~


You could see a wyvern (very poisoned) and an electric eel.

Vanquished Creatures
  Grinder (D:4)
  A water moccasin (D:6)
  A sky beast (D:7)
  A black bear (D:6)
  A centaur (D:7)
  A phantom (D:7)
  2 bullfrogs (D:7)
  3 wights (D:7)
  3 killer bees (D:7)
  A howler monkey (D:6)
  2 jellies
  A gnoll bouda (D:7)
  An orc priest (D:7)
  A sleepcap (D:4)
  3 hounds (D:5)
  An iguana (D:7)
  2 orc wizards
  8 gnolls
  3 adders
  2 shadow imps (D:7)
  A white imp (D:6)
  2 ufetubi (D:7)
  4 worms
  3 dart slugs
  12 orcs
  8 bats
  2 endoplasms
  2 giant cockroaches
  12 goblins
  12 hobgoblins
  5 kobolds
  A quokka (D:2)
  6 ball pythons
  4 frilled lizards
  8 rats
121 creatures vanquished.

Vanquished Creatures (collateral kills)
  A bullfrog (D:7)
  2 orcs (D:3)
3 creatures vanquished.

Grand Total: 124 creatures vanquished

Notes
Turn   | Place    | Note
-------+----------+-------------------------------------------
     0 | D:1      | H0rd4k the Human Artificer began the quest for the Orb.
     0 | D:1      | Reached XP level 1. HP: 15/15 MP: 1/1
    50 | D:1      | Reached XP level 2. HP: 21/21 MP: 2/2
   238 | D:1      | Found a faded altar of an unknown god.
   596 | D:1      | Reached XP level 3. HP: 25/26 MP: 3/3
   806 | D:2      | Reached skill level 1 in Maces & Flails
   992 | D:2      | Reached XP level 4. HP: 22/32 MP: 4/4
  1878 | D:3      | Found a glowing silver altar of Zin.
  1878 | D:3      | Noticed an angel
  2119 | D:3      | Reached XP level 5. HP: 38/38 MP: 5/5
  2605 | D:4      | Noticed Grinder
  2614 | D:4      | Killed Grinder
  2615 | D:4      | Reached skill level 1 in Throwing
  2615 | D:4      | Reached XP level 6. HP: 25/47 MP: 6/6
  2847 | D:4      | Found a staircase to the Ecumenical Temple.
  2864 | Temple   | Entered the Ecumenical Temple
  3514 | D:5      | Entered Level 5 of the Dungeon
  3608 | D:5      | Reached XP level 7. HP: 42/52 MP: 7/7
  3654 | D:5      | Found a shimmering blue altar of Sif Muna.
  3751 | D:5      | Reached skill level 1 in Short Blades
  4124 | D:6      | Found Jeum's Distillery.
  4143 | D:6      | Noticed a water moccasin
  4284 | D:6      | Found Luic Reitex's Distillery.
  4309 | D:6      | Identified the +11 war axe "Garchyl" {venom, Int+3}
  4500 | D:6      | Killed a water moccasin
  4511 | D:6      | HP: 2/53 [poisoned by a water moccasin]
  4811 | D:6      | Reached XP level 8. HP: 42/60 MP: 8/8
  4972 | D:6      | Reached skill level 1 in Axes
  5146 | D:6      | Found Ledobug's Antique Armour Boutique.
  5176 | D:6      | Found Ijati's Book Shoppe.
  5448 | D:7      | Noticed a hornet
  5463 | D:7      | Reached skill level 2 in Axes
  5625 | D:7      | Reached skill level 5 in Dodging
  5628 | D:7      | Reached skill level 3 in Axes
  5882 | D:7      | Reached skill level 4 in Axes
  6040 | D:7      | Found a snail-covered altar of Cheibriados.
  6080 | D:7      | Got Luryq's Tome of Creative Kinetic Energy
  6102 | D:7      | Found an ancient bone altar of Kikubaaqudgha.
  6244 | D:7      | Found an ornate altar of the Wu Jian Council.
  6348 | D:7      | Found Sesen's Magic Scroll Shoppe.
  6402 | D:7      | Reached skill level 5 in Axes
  6402 | D:7      | Reached XP level 9. HP: 59/66 MP: 9/9
  6579 | D:7      | Reached skill level 6 in Axes
  6689 | D:7      | Found Qamnaecopn's Vocational Training.
  6703 | D:7      | Reached skill level 5 in Fighting
  6999 | D:8      | Found a sparkling altar of Nemelex Xobeh.
  7003 | D:8      | Slain by a wyvern

Illustrated notes

Levels and vault maps discovered:
D:1:      scummos_arrival_hexagon, layout_rooms,
          chequers_ecumenical_altar_simple_redux
D:2:      cheibrodos_helix_gallery, layout_basic, kennysheep_decorative_pillar
D:3:      cheibrodos_greedy_goblins, layout_basic, zin_angel,
          guppyfry_early_lair_pool
D:4:      layout_basic, minmay_temple_entry_wispy, minmay_misc_feat_cross,
          dk_noncrumbling_2, uniq_grinder
D:5:      layout_basic, mainiacjoe_overflow_chevrons
D:6:      layout_basic, serial_shops, shop, nicolae_lakefront_shop,
          nicolae_shop_behind_doors, shop, kennysheep_crisscross,
          grunt_decor_junction
D:7:      layout_basic, slow_altar_1, mainiacjoe_overflow_catwalk_spiral,
          serial_shops, shop_scrolls, nicolae_shop_vocational
D:8:      layout_loops_cross, mainiacjoe_overflow_catch_the_wave,
          minmay_guarded_unrand_finisher
Temple:   chequers_temple_sunken

Skill      XL: |  1  2  3  4  5  6  7  8  9 |
---------------+----------------------------+-----
Maces & Flails | 1 2 |  2.3
Fighting       | 3 4 5 |  5.0
Dodging        | 3 4 5 |  5.3
Throwing       | 1 |  1.3
Evocations     | 4 |  4.4
Short Blades   | 2 |  2.1
Axes           | 5 6 |  6.4
Armour         | |  2.0
Stealth        | |  1.0

Action                     |  1- 3 |  4- 6 |  7- 9 || total
---------------------------+-------+-------+-------++-------
  Melee: Club              |   146 |    67 |       ||   213
         Morningstar       |       |    52 |       ||    52
         Dagger            |       |    55 |    52 ||   107
         Punch             |       |     2 |       ||     2
         War axe           |       |       |    97 ||    97
  Throw: Javelin           |       |     9 |     1 ||    10
  Evoke: Wand              |       |     3 |     6 ||     9
    Use: Potion            |       |       |     1 ||     1
   Stab: Sleeping          |     1 |     2 |       ||     3
 Armour: Leather armour    |    54 |    53 |    37 ||   144
  Dodge: Dodged            |    85 |    83 |   121 ||   289
